 Dungeon Crawl Stone Soup version 0.31-a0-236-g9a0961fb85 (console) character file.

Game seed: 746744452238187792

2664 petzl the Magician (level 9, 0/61 (65) HPs)
             Began as a Formicid Delver on July 10, 2023.
             Was a Believer of Vehumet.
             Slain by a water moccasin (6 damage)
             ... on level 7 of the Dungeon.
             The game lasted 00:50:47 (9404 turns).

petzl the Magician (Formicid Delver)                Turns: 9404, Time: 00:50:48

HP:   0/61 (65)     AC:  5    Str: 17    XL:     9   Next: 94%
MP:   9/19          EV: 27    Int: 14    God:    Vehumet [**....]
Gold: 357           SH:  0    Dex: 15    Spells: 8/21 levels left

rFire   . . .        E - +0 falchion (freeze)
rCold   . . .        (no shield)
rNeg    . . .        s - +0 leather armour
rPois   .            (helmet unavailable)
rElec   .            q - +0 cloak
rCorr   .            p - +0 pair of gloves
SInv    +            (no boots)
Will    +....        x - amulet of the acrobat
Stlth   +++          G - ring of willpower
HPRegen 0.30/turn    (no ring)
MPRegen 0.16/turn

%: acrobat
@: lethally poisoned (0 -> -15), acrobatic, very slightly contaminated, drained
A: permanent stasis, dig shafts and tunnels, antennae 3, four strong arms
a: Dig, Shaft Self, Renounce Religion


You were on level 7 of the Dungeon.
You worshipped Vehumet.
Vehumet was pleased with you.
You visited 2 branches of the dungeon, and saw 9 of its levels.
You also visited: Ossuary.

You collected 409 gold pieces.
You spent 52 gold pieces at shops.

Inventory:

Hand Weapons
 a - a +0 shortbow
 b - a +1 spear of venom {!f =f}
 c - a +0 quarterstaff
 d - a +0 dagger of electrocution {!f =f}
 u - a +0 orcbow
 E - a +0 falchion of freezing (weapon)
Missiles
 o - 9 poisoned darts
 r - 3 javelins
Armour
 p - a +0 pair of gloves (worn)
 q - a +0 cloak (worn)
 s - a +0 leather armour (worn)
Jewellery
 x - an amulet of the acrobat (around neck)
 G - a ring of willpower (left hand)
Wands
 f - a wand of digging (2)
 h - a wand of charming (10)
 t - a wand of flame (8)
Scrolls
 l - a scroll of enchant armour {unknown}
 m - a scroll of amnesia
 v - a scroll of butterflies
 B - a scroll of poison {unknown}
 D - 2 scrolls of immolation
Potions
 g - 2 potions of attraction
 i - a potion of lignification
 j - a potion of degeneration {unknown}
 n - a potion of brilliance {unknown}
 w - 2 potions of enlightenment
 z - a potion of heal wounds
 A - 2 potions of haste {unknown}
 F - a potion of cancellation {unknown}


   Skills:
 - Level 3.7 Fighting
 - Level 2.0(2.6) Maces & Flails
 - Level 2.6(3.0) Staves
 - Level 4.0 Ranged Weapons
 - Level 1.4 Armour
 - Level 2.2 Dodging
 - Level 6.3 Stealth
 - Level 6.9 Spellcasting
 * Level 5.5 Conjurations
 + Level 3.3 Air Magic
 + Level 5.4 Poison Magic
 - Level 1.3 Evocations


You had 8 spell levels left.
You knew the following spells:

 Your Spells              Type           Power      Damage    Failure   Level
a - Poisonous Vapours     Pois/Air       34%        N/A       4%          2
b - Searing Ray           Conj           40%        2d5       2%          2
c - Freeze                Ice            16%        1d4       17%         1
l - Freezing Cloud        Conj/Ice/Air   6%         6-21      80%         5
m - Mephitic Cloud        Conj/Pois/Air  18%        N/A       8%          3

Your spell library contained the following spells:

 Spells                   Type           Power      Damage    Failure   Level


Dungeon Overview and Level Annotations

Branches:
Dungeon (8/15)             Temple (1/1) D:4         Ossuary (visited)
   Lair: D:8-11

Altars:
Ashenzari
Cheibriados
Dithmenos
Elyvilon
Fedhas
Gozag
Hepliaklqana
Kikubaaqudgha
Makhleb
Nemelex Xobeh
Okawaru
Qazlal
Ru
Sif Muna
Trog
Uskayaw
Vehumet
Wu Jian
Xom
Yredelemnul

Shops:
D:2 ?

Annotations:
D:2 exclusion: downstairs
D:3 Grinder
D:5 exclusion: 2 downstairs
D:7 exclusion: 2 killer bees


Innate Abilities, Weirdness & Mutations

You cannot be hasted, slowed, berserked, paralysed or teleported.
You can dig through walls and to a lower floor.
You have a pair of large antennae on your head. (SInv)
Your four strong arms can wield two-handed weapons with a shield.


Message History

The water moccasin bites you.
* * * LOW HITPOINT WARNING * * *
You are poisoned.
The water moccasin poisons you! The water moccasin closely misses you.
You feel better. The water moccasin barely misses you.
Okay, then.
You barely miss the water moccasin. The water moccasin bites you.
* * * LOW HITPOINT WARNING * * *
The water moccasin closely misses you.
The water moccasin completely misses you.
There is a stone staircase leading up here.
The water moccasin bites you but does no damage.
You climb upwards.
Level annotation: exclusion: 2 killer bees
There is a stone staircase leading down here.
You slash the water moccasin!
The water moccasin seems to slow down.
You freeze the water moccasin. Your punch misses the water moccasin.
The water moccasin is moderately wounded.
The water moccasin bites you.
* * * LOW HITPOINT WARNING * * *
You are lethally poisoned!
The water moccasin poisons you!
Okay, then.
Okay, then.
* * * LOW HITPOINT WARNING * * *
You feel very sick.
It was a potion of heal wounds.
You feel much better.
You feel very sick. The water moccasin bites you.
You are lethally poisoned!
The water moccasin poisons you!
The water moccasin attacks as you move away!
The water moccasin bites you.
* * * LOW HITPOINT WARNING * * *
x2 You feel very sick.
The water moccasin is no longer moving slowly.
* * * LOW HITPOINT WARNING * * *
You feel very sick. The water moccasin bites you.
You die...

####### ###### ## #####.....## #....# ##.
#...#.##...# ###### #....#### #..
#...#.##...### #....######.......#####..
#...#.##.....###..........##...........#
#............##..........###......######
#............##...#......# #[.....#....#
#.............#...#......#####..#.#....# ####
####......###.#####...............'....# .<.#
#......[.#.........##..........#....#
...######[.....#########....+........#....###
........#..........#####..###.......)#.......
........+......#.#.#.#.#[####.######.........
##......##........................##........#
##............##.#.#.#.#.#.##.....##.........
..............#............##.....#....#....#
....###........#.#.#.#@#.#.##.....#....#.....
....# #....##..........S...##.....#....#.....
....###........#.#.#.#.#.#.###+####....#.....
.#####...................>.....####....####..
.# #...#....†#.#.#.#.#.#.<...........#.....
.# #...#..................######.....#.....
.#####...#...###.#.#.#.#.#..# ###.#'#>#.....
##.......#...# ##.....##########.......#.....
#..........## #.....#..........#.#.#.#.....
#..........# #.....#..........#.....######
######.....# #................#)###.......
#######***#........##......#...........
******** *,,,,######...##..<...#.####......
*,,,,,,* *,,,,*#....†..†....#'##.# ###'###
*,,,,,,* *,,,,*########################.##.
**,,,,,,* *,,,,* #.......#.......#..........
,,,,,,,,****,,,,**#.#####.#.#####.#.#####....
,,,,,,,,,,,,,,,,,*#.#...#.#.#...#.#.#...#...(
,,,****,,,,,,*,,,*#...#.#.#...#.#.#...#.#....


You could see a water moccasin.

Vanquished Creatures
  A wyvern (D:8)
  Eustachio (D:6)
  2 water moccasins
  Duvessa (D:6)
  An ice beast (D:6)
  A sky beast (D:7)
  An ogre (D:7)
  2 centaurs
  2 phantoms
  3 elf zombies (Ossuary)
  A gnoll sergeant (D:6)
  2 bullfrogs (D:7)
  A scorpion (D:6)
  6 wights
  Dowan (D:6)
  2 howler monkeys
  3 hounds
  A sleepcap (D:6)
  4 iguanas
  2 orc wizards (D:4)
  2 mummies (Ossuary)
  12 gnolls
  7 adders
  2 white imps (D:6)
  An ufetubus (D:5)
  3 adder zombies (Ossuary)
  A worm (D:2)
  2 dart slugs (D:1)
  9 orcs
  7 ball pythons
  4 endoplasms
  8 giant cockroaches
  4 goblins
  4 hobgoblins
  7 jackals
  2 quokkas
  10 bats
  4 frilled lizards
  A goblin zombie (Ossuary)
  16 hobgoblin zombies (Ossuary)
  A jackal zombie (Ossuary)
  3 kobolds
  7 kobold zombies (Ossuary)
  6 orc zombies (Ossuary)
  4 rats
165 creatures vanquished.

Vanquished Creatures (collateral kills)
  A gnoll (D:6)
1 creature vanquished.

Vanquished Creatures (others)
  A gnoll (D:6)
  An adder (D:6)
2 creatures vanquished.

Grand Total: 168 creatures vanquished

Notes
Turn   | Place    | Note
-------+----------+-------------------------------------------
     0 | D:5      | petzl the Formicid Delver began the quest for the Orb.
     0 | D:5      | Reached XP level 1. HP: 18/18 MP: 1/1
     7 | D:5      | Noticed a water moccasin
    35 | D:5      | Noticed a black bear
    38 | D:5      | You fall into a shaft and drop 1 floor!
   167 | D:5      | Reached skill level 1 in Spellcasting
   167 | D:5      | Reached XP level 2. HP: 6/24 MP: 1/4
   172 | D:5      | HP: 1/24 [poisoned by an adder]
   382 | D:2      | Found Pese's Magic Scroll Shop.
   454 | D:1      | Reached XP level 3. HP: 26/29 MP: 6/6
   552 | D:1      | Found a faded altar of an unknown god.
  1457 | D:2      | Reached XP level 4. HP: 31/35 MP: 6/8
  1570 | D:2      | Found a hazy altar of Hepliaklqana.
  1959 | D:2      | Bought a scroll of identify for 26 gold pieces
  1959 | D:2      | Bought a scroll of identify for 26 gold pieces
  2219 | D:3      | Noticed Grinder
  2335 | D:3      | Reached XP level 5. HP: 41/41 MP: 11/11
  2635 | D:4      | Noticed a phantom
  2999 | D:4      | Found a staircase to the Ecumenical Temple.
  3026 | Temple   | Entered the Ecumenical Temple
  3180 | Temple   | Became a worshipper of Vehumet
  3212 | D:4      | Reached skill level 1 in Ranged Weapons
  3231 | D:4      | Reached skill level 5 in Spellcasting
  3231 | D:4      | Reached XP level 6. HP: 35/47 MP: 9/13
  3864 | D:5      | Noticed a water moccasin
  4057 | D:5      | Reached XP level 7. HP: 52/52 MP: 15/15
  4524 | D:6      | Noticed Eustachio
  4566 | D:7      | Reached skill level 1 in Staves
  4566 | D:7      | Reached XP level 8. HP: 56/58 MP: 18/18
  4646 | D:7      | HP: 2/58 [iguana (13)]
  4787 | D:7      | Found a sand-covered staircase.
  4840 | Ossuary  | Entered an ossuary
  4945 | Ossuary  | Reached * piety under Vehumet
  4945 | Ossuary  | Offered knowledge of Freeze by Vehumet.
  4948 | Ossuary  | Learned a level 1 spell: Freeze
  5409 | Ossuary  | Offered knowledge of Searing Ray by Vehumet.
  5410 | Ossuary  | Reached skill level 1 in Armour
  5410 | Ossuary  | Reached skill level 1 in Evocations
  5413 | Ossuary  | Learned a level 2 spell: Searing Ray
  5513 | Ossuary  | Reached ** piety under Vehumet
  6270 | D:5      | Learned a level 2 spell: Poisonous Vapours
  6274 | D:5      | Learned a level 3 spell: Mephitic Cloud
  6280 | D:5      | Learned a level 5 spell: Freezing Cloud
  6325 | D:5      | Reached skill level 1 in Conjurations
  6325 | D:5      | Reached skill level 1 in Poison Magic
  6802 | D:6      | Reached skill level 1 in Air Magic
  7451 | D:6      | Reached XP level 9. HP: 27/65 MP: 15/19
  7455 | D:6      | Noticed Duvessa
  7614 | D:6      | Noticed Dowan
  7624 | D:6      | Killed Dowan
  7649 | D:6      | Killed Duvessa
  8140 | D:6      | Killed Eustachio
  9039 | D:7      | Reached skill level 5 in Conjurations
  9153 | D:8      | Reached skill level 5 in Poison Magic
  9404 | D:7      | Slain by a water moccasin

Illustrated notes

Levels and vault maps discovered:
D:1:      tekkud_arrival_beachfront_property, layout_basic,
          basic_ecumenical_altar, minmay_close_crescents
D:2:      layout_rooms, serial_shops, shop, basic_altar, serial_bayou_pond_e,
          nicolae_elevator_lobby_asterisk
D:3:      layout_loops_ring, uniq_grinder
D:4:      layout_rooms, minmay_temple_entry_drinking_statues
D:5:      layout_basic
D:6:      layout_gridville, minmay_holes, uniq_eustachio, uniq_duvessa
D:7:      layout_basic, chequers_ossuary_entry_cave, hex_intersection,
          st_stairs_10, patterned_corridor
D:8:      layout_gridville, old_standard_altar, nicolae_tso_swordbearing_angel,
          minmay_lair_entry_grove
Temple:   nicolae_temple_bog_church

Skill      XL: |  1  2  3  4  5  6  7  8  9 |
---------------+----------------------------+-----
Spellcasting   | 1 2 3 4 5 6 |  6.9
Ranged Weapons | 1 3 4 |  4.0
Staves         | 1 2 |  2.6
Dodging        | 2 |  2.2
Armour         | 1 |  1.4
Evocations     | 1 |  1.3
Conjurations   | 2 5 |  5.5
Poison Magic   | 2 5 |  5.4
Air Magic      | 1 3 |  3.3
Fighting       | |  3.7
Maces & Flails | |  2.0
Stealth        | |  6.3

Action                     |  1- 3 |  4- 6 |  7- 9 || total
---------------------------+-------+-------+-------++-------
  Melee: Mace              |    65 |       |       ||    65
         Quarterstaff      |    13 |   183 |   149 ||   345
         Punch             |     1 |     2 |       ||     3
         Spear             |       |       |   138 ||   138
         Falchion          |       |       |    26 ||    26
         Dagger            |       |       |     5 ||     5
   Fire: Sling             |       |    31 |   162 ||   193
         Shortbow          |       |       |    77 ||    77
   Cast: Searing Ray       |       |       |     5 ||     5
         Mephitic Cloud    |       |       |    15 ||    15
         Freeze            |       |       |     3 ||     3
         Poisonous Vapours |       |       |     3 ||     3
Ability: Shaft Self        |     1 |       |       ||     1
         Dig               |       |       |     4 ||     4
  Evoke: Wand              |       |       |    19 ||    19
    Use: Scroll            |     2 |     5 |     8 ||    15
         Potion            |       |       |     8 ||     8
   Stab: Sleeping          |     8 |     3 |     3 ||    14
         Confused          |       |       |     4 ||     4
 Armour: Leather armour    |    35 |    67 |    88 ||   190
         Skin              |       |       |    25 ||    25
  Dodge: Dodged            |    79 |   139 |   265 ||   483

Table legend: (Time is in decaauts)
 A = Elapsed time spent in this place.
 B = Non-inter-level travel time spent in this place.
 C = Inter-level travel time spent in this place.
 D = Time resting spent in this place.
 E = Time spent auto-exploring this place.
 F = Levels seen in this place.
 G = Mean time per level.
                   A        B        C        D        E       F      G
               +--------+--------+--------+--------+--------+-----+--------+
         Total |   9553 |   8851 |    702 |   2380 |   2865 |  10 |  955.3 |
       Dungeon |   8507 |   7814 |    693 |   2283 |   2656 |   8 | 1063.4 |
        Temple |    169 |    160 |      9 |      0 |    148 |   1 |  169.0 |
       Ossuary |    876 |    876 |      0 |     97 |     60 |   1 |  876.0 |
               +--------+--------+--------+--------+--------+-----+--------+

Top non-repeatable levels by time:
     D:5: 1926 daAuts
     D:6: 1537 daAuts
     D:7: 1160 daAuts
     D:3: 963 daAuts
     D:1: 942 daAuts
     D:4: 901 daAuts
 Ossuary: 876 daAuts
     D:2: 737 daAuts
     D:8: 338 daAuts
  Temple: 169 daAuts
